Map: Newkirk Precinct TE (Void)

Players

Gremory

  • Race: Zerg Zerg
  • Spawn Location: 5:00

RiSky - Winner!

  • Race: Zerg Zerg
  • Spawn Location: 7:00

Event: IEM XI Katowice - World Championship 2017

VOD

Have the link to the VOD?

Description

Time

  • Played on: Feb. 28, 2017, 4:56 a.m.
  • Length: 10:07

All games in this series

Show
View Real Time Build Order
Export as new Build Order

Gremory Zerg 

Build Orders: Hatch First 

Get SALT Encoding   

  12  0:01  Drone  
  13  0:13  Overlord  
  13  0:18  Drone  
  14  0:33  Drone x2  
  16  0:37  Drone  
  17  0:56  Hatchery  
  16  1:01  Drone x2  
  16  1:03  Extractor  
  17  1:19  Spawning Pool  
  17  1:21  Drone  
  17  1:26  Drone  
  17  1:30  Drone  
  19  1:41  Overlord  
  19  2:05  Queen  
  19  2:06  Metabolic Boost  
  19  2:07  Zergling x4  
  23  2:09  Zergling x2  
  24  2:17  Queen  
  24  2:18  Drone  
  27  2:24  Drone x2  
  29  2:30  Drone  
  29  2:35  Drone  
  31  2:41  Drone  
  32  2:52  Hatchery  
  31  2:59  Drone  
  31  3:00  Drone, Baneling Nest  
  31  3:05  Overlord  
  32  3:09  Zergling x2  
  32  3:12  Zergling x2  
  34  3:15  Zergling x4  
  36  3:21  Overlord  
  36  3:28  Zergling x2  
  36  3:29  Zergling x4  
  36  3:32  Zergling x2  
  40  3:36  Zergling x4  
  40  3:40  Zergling x4  
  44  3:46  Baneling x2  
  41  3:58  Drone x5  
  43  4:14  Drone x3  
  42  4:27  Drone x2  
  42  4:28  Zergling x10  
  46  4:32  Queen, Extractor  
  46  4:33  Roach Warren  
  46  4:34  Zergling x2  
  46  4:38  Zergling x4  
  46  4:42  Zergling x4  
  49  4:48  Baneling x3  
  49  4:53  Zergling x4  
  49  4:54  Zergling x2  
  51  5:02  Drone x2  
  51  5:03  Drone  
  51  5:05  Overlord  
  55  5:14  Drone x2  
  55  5:15  Drone  
  55  5:16  Overlord x2, Drone  
  55  5:19  Overlord  
  58  5:22  Overlord  
  58  5:26  Overlord  
  57  5:39  Overlord  
  57  5:40  Roach  
  57  5:41  Roach x3  
  67  5:42  Roach  
  67  5:48  Roach x2  
  71  5:51  Overlord  
  71  5:53  Roach  
  72  5:59  Roach x2  
  76  6:05  Roach x3  
  82  6:13  Roach x3  
  82  6:18  Roach x2  
  92  6:21  Roach x2  
  96  6:29  Drone x4  
  100  6:33  Evolution Chamber  
  100  6:38  Drone x5  
  102  6:54  Lair, Drone  
  102  6:57  Roach, Extractor  
  102  6:58  Extractor, Roach x4  
  106  7:02  Zerg Missile Weapons Level 1  
  106  7:03  Drone  
  106  7:04  Drone  
  106  7:06  Roach  
  110  7:09  Roach  
  112  7:16  Overlord x3  
  112  7:24  Overlord  
  112  7:25  Drone  
  112  7:28  Overlord  
  113  7:34  Overlord  
  113  7:40  Drone  
  113  7:41  Drone x5  
  113  7:42  Unknown  
  113  7:43  Extractor  
  118  7:44  Roach  
  118  7:45  Roach x3  
  118  7:50  Drone  
  118  7:51  Drone x3  
  130  7:52  Glial Reconstitution  
  130  7:58  Roach x2  
  134  7:59  Roach  
  134  8:02  Drone x2  
  134  8:05  Roach  
  140  8:06  Extractor  
  140  8:10  Roach x3  
  145  8:20  Overlord  
  145  8:22  Ravager x3  
  145  8:23  Overseer  
  145  8:26  Hatchery, Roach  
  149  8:38  Roach x3  
  149  8:39  Roach  
  157  8:42  Roach x2  
  155  8:49  Overlord x2  
  155  8:50  Ravager x4  
  155  8:53  Roach  
  160  8:57  Overlord x2  
  160  9:00  Overlord  
  160  9:01  Drone  
  161  9:04  Overlord  
  161  9:10  Roach  
  161  9:11  Roach x3  
  169  9:18  Roach  
  169  9:19  Roach x2  
  169  9:22  Roach x2  
  169  9:23  Ravager x2  
  181  9:29  Roach x3  
  175  9:42  Roach  
Show
View Real Time Build Order
Export as new Build Order

RiSky Zerg - Winner!

Build Orders: Hatch First 

Get SALT Encoding   

  12  0:01  Drone  
  13  0:13  Overlord  
  13  0:18  Drone  
  14  0:31  Drone x2  
  14  0:35  Drone  
  17  0:52  Hatchery  
  17  0:55  Drone  
  17  0:59  Drone  
  18  1:09  Extractor  
  17  1:14  Spawning Pool  
  17  1:17  Drone  
  17  1:20  Drone  
  18  1:28  Drone  
  19  1:39  Overlord  
  19  1:50  Drone  
  20  2:01  Queen, Drone  
  22  2:03  Queen  
  22  2:04  Drone  
  26  2:09  Metabolic Boost  
  26  2:12  Drone  
  26  2:14  Drone  
  28  2:22  Drone  
  29  2:25  Drone  
  30  2:33  Zergling x2  
  30  2:36  Queen  
  30  2:37  Zergling x2  
  34  2:41  Baneling Nest  
  34  2:43  Zergling x2  
  34  2:47  Overlord  
  34  2:54  Drone  
  35  2:58  Drone  
  36  3:06  Drone  
  36  3:11  Hatchery  
  36  3:12  Drone  
  37  3:14  Drone  
  38  3:20  Overlord  
  39  3:27  Drone  
  39  3:29  Hatchery  
  39  3:32  Baneling x2  
  41  3:37  Queen  
  41  3:39  Drone  
  42  3:42  Zergling x2  
  42  3:43  Zergling x8  
  42  3:45  Zergling x2  
  47  4:08  Baneling x5  
  47  4:09  Zergling x2  
  47  4:10  Zergling x8  
  45  4:26  Drone x3  
  45  4:27  Drone  
  45  4:29  Queen x2  
  48  4:34  Drone  
  49  4:39  Extractor, Drone  
  49  4:40  Roach Warren  
  49  4:43  Drone  
  49  4:44  Drone  
  50  4:48  Drone  
  51  4:54  Drone  
  51  4:55  Drone x2  
  51  4:56  Drone x2  
  51  4:57  Drone  
  51  4:58  Evolution Chamber  
  51  4:59  Drone x2  
  57  5:11  Extractor  
  57  5:12  Overlord, Drone  
  57  5:14  Overlord  
  56  5:16  Overlord  
  56  5:30  Queen, Drone  
  59  5:40  Zerg Missile Weapons Level 1, Roach  
  59  5:41  Roach x8  
  77  5:45  Drone  
  77  5:46  Drone x3  
  81  5:51  Overlord  
  81  5:53  Overlord  
  80  5:57  Overlord  
  80  5:58  Drone  
  80  6:03  Overlord  
  81  6:07  Overlord  
  81  6:08  Overlord  
  81  6:12  Roach x2  
  81  6:17  Lair  
  87  6:18  Roach  
  87  6:21  Roach  
  87  6:25  Roach x2  
  93  6:30  Roach x3  
  99  6:33  Roach  
  99  6:34  Baneling  
  99  6:39  Roach x2  
  105  6:45  Roach  
  105  6:46  Roach  
  108  6:52  Drone  
  108  6:53  Drone x6  
  114  6:57  Drone  
  114  7:00  Overlord, Drone x2  
  117  7:03  Extractor  
  117  7:05  Extractor, Drone  
  116  7:15  Drone  
  117  7:17  Glial Reconstitution  
  117  7:18  Drone x3  
  117  7:20  Drone  
  117  7:21  Drone  
  122  7:23  Overlord x2  
  122  7:26  Drone  
  122  7:27  Extractor  
  122  7:29  Overseer  
  122  7:31  Drone  
  122  7:32  Hatchery, Drone  
  122  7:34  Overlord  
  122  7:36  Overlord x2  
  123  7:39  Overlord  
  123  7:47  Roach x4  
  131  7:52  Ravager x5  
  131  7:56  Roach x2  
  131  7:57  Roach  
  142  7:59  Overlord x2  
  142  8:15  Roach x8  
  158  8:20  Overlord  
  158  8:23  Hatchery, Roach  
  158  8:24  Roach  
  161  8:28  Roach x3  
  161  8:32  Overlord  
  161  8:33  Roach  
  169  8:40  Roach x3  
  175  8:44  Roach x4  
  182  8:51  Roach x3  
  191  8:55  Roach x2  
  191  8:56  Roach  
  191  8:59  Roach x2  
  197  9:22  Hydralisk Den  
  197  9:23  Roach  
  192  9:39  Roach x4  
  188  9:59  Ravager x2  
  171  10:00  Ravager  

Tags
 
Add a new tag
Caveats
  • Supply blocks, unpowered buildings, or Contaminate may cause inaccurate times.
  • Supply counts are checked every 10 seconds.